 Dungeon Crawl Stone Soup version 0.19.1-1-g22dce08 (webtiles) character file.

23362 kae the Basher (level 13, -1/104 HPs)
             Began as a Formicid Fighter on Jan 13, 2017.
             Was the Champion of Okawaru.
             Slain by a crocodile (12 damage)
             ... on level 5 of the Lair of Beasts on Jan 14, 2017.
             The game lasted 00:17:51 (11057 turns).

kae the Basher (Formicid Fighter)                  Turns: 11057, Time: 00:17:52

Health: -1/104     AC: 16    Str: 28    XL:     13   Next: 34%
Magic:  18/18      EV: 10    Int:  8    God:    Okawaru [******]
Gold:   892        SH: 13    Dex: 10    Spells: 0 memorised, 12 levels left

rFire  . . .     SeeInvis +     a - +6 flail (flame)
rCold  . . .     Gourm    .     o - +0 scale mail
rNeg   . . .     Faith    .     c - +0 shield
rPois  .         Spirit   .     (helmet unavailable)
rElec  .         Reflect  .     t - +0 cloak
rCorr  .         Harm     .     w - +2 pair of gloves {archery}
MR     +....                    n - +1 pair of boots
Stlth  ..........               s - amulet of regeneration
                                (no ring)
                                A - +2 ring of strength

@: no status effects
A: permanent stasis, dig shafts and tunnels, four strong arms, antennae 3
a: Dig, Shaft Self, Heroism, Finesse, Renounce Religion


You were on level 5 of the Lair of Beasts.
You worshipped Okawaru.
Okawaru was exalted by your worship.
You were hungry.

You visited 3 branches of the dungeon, and saw 14 of its levels.

You collected 1112 gold pieces.
You spent 220 gold pieces at shops.

Inventory:

Hand Weapons
 a - a +6 flail of flaming (weapon)
 b - a +2 flail of crushing
 l - a +0 flail
Armour
 c - a +0 shield (worn)
 n - a +1 pair of boots (worn)
 o - a +0 scale mail (worn)
 t - a +0 cloak (worn)
 w - a +2 pair of gloves of archery (worn)
Jewellery
 s - an amulet of regeneration (around neck)
 u - an uncursed ring of magical power
 A - a +2 ring of strength (left hand)
 H - an uncursed ring of wizardry
Wands
 p - a wand of paralysis (11/24)
 z - a wand of flame (18/48)
 I - a wand of lightning (5/15)
 M - a wand of flame (14/48)
 P - a wand of confusion (36/48)
Scrolls
 e - 4 scrolls of remove curse
 x - 2 scrolls of identify
 y - 2 scrolls of magic mapping
 E - a scroll of recharging
 G - a scroll of fear
 J - a scroll of enchant weapon
 N - 2 scrolls of amnesia
Potions
 h - 3 potions of resistance
 i - a potion of cancellation
 j - 3 potions of curing
 k - 2 potions of brilliance
 q - 2 potions of heal wounds
 C - a potion of flight
 F - a potion of cure mutation
Books
 m - a book of Transfigurations

   Spells                             Type                      Level
   a - Irradiate                      Conjuration/Transmutation    5
   b - Statue Form                    Transmutation/Earth          6
   c - Hydra Form                     Transmutation                6
   d - Dragon Form                    Transmutation                7
 D - a book of Callings

   Spells                             Type                      Level
   a - Summon Small Mammal            Summoning                    1
   b - Call Imp                       Summoning                    2
   c - Call Canine Familiar           Summoning                    3
   d - Summon Guardian Golem          Hexes/Summoning              3
   e - Summon Lightning Spire         Summoning/Air                4
   f - Summon Ice Beast               Ice/Summoning                4
 K - a book of Geomancy

   Spells                             Type                      Level
   a - Sandblast                      Earth                        1
   b - Passwall                       Transmutation/Earth          2
   c - Stone Arrow                    Conjuration/Earth            3
   d - Petrify                        Transmutation/Earth          4
   e - Lee's Rapid Deconstruction     Earth                        5
 L - a book of Cantrips

   Spells                             Type                      Level
   a - Confusing Touch                Hexes                        1
   b - Animate Skeleton               Necromancy                   1
   c - Summon Small Mammal            Summoning                    1
   d - Apportation                    Translocation                1
Comestibles
 d - 2 slices of pizza
 f - 5 bread rations
 g - 7 meat rations
 r - 16 fruits
 v - 2 beef jerkies
 B - 3 royal jellies


   Skills:
 + Level 10.5 Fighting
 * Level 13.1 Maces & Flails
 + Level 10.4 Armour
 + Level 11.7 Shields
 + Level 7.3 Invocations


You had 12 spell levels left.
You didn't know any spells.

Dungeon Overview and Level Annotations

Branches:
Dungeon (8/15)             Temple (1/1) D:5            Lair (5/6) D:8
  Swamp (0/4) Lair:4        Snake (0/4) Lair:4
  Slime: Lair:5-6

Altars:
Ashenzari
Cheibriados
Dithmenos
Elyvilon
Fedhas
Gozag
Hepliaklqana
Kikubaaqudgha
Makhleb
Nemelex Xobeh
Okawaru
Qazlal
Ru
Sif Muna
Uskayaw
Vehumet
Xom
Zin
The Shining One

Shops:
D:6 }   D:8 ?

Annotations:
Lair:5 exclusion: oklob plant


Innate Abilities, Weirdness & Mutations

You are under a permanent stasis effect.
You can dig through walls and to a lower floor.
Your four strong arms can wield two-handed weapons with a shield.
You have a pair of large antennae on your head. (SInv)


Message History

You feel sick. You block the crocodile's attack.
The spiny frog stings you but does no damage.
You barely miss the spiny frog.
The spiny frog is heavily wounded.
You block the crocodile's attack. You block the spiny frog's attack.
You sock the spiny frog! You burn the spiny frog.
The spiny frog is almost dead.
You feel sick. You block the spiny frog's attack. The crocodile bites you!
* * * LOW HITPOINT WARNING * * *
You hit the spiny frog. You burn the spiny frog.
You kill the spiny frog!
Okawaru accepts your kill.
You feel sick.
You feel better. You block the crocodile's attack.
You closely miss the crocodile. The crocodile bites you!
* * * LOW HITPOINT WARNING * * *
You sock the crocodile! You burn the crocodile.
The crocodile is heavily wounded.
The crocodile bites you!
You die...

# #. #### #.# ##..# ###
###..#...###.## ......†.......#
≈≈≈....@#.≈P..# ##
#≈≈...t#≈≈≈P..##### #.##
≈#≈....≈≈≈≈≈..P##.##....
#≈....#≈≈≈≈...##...PP..
≈≈≈.....#≈##............
...........P............
#.#..................).###..#....
.................###P.###......(.
.............# #. ### #........


You could see a crocodile.

Vanquished Creatures
  6 hydras
  The ghost of dscm the Cleaver, a novice HOFi of Qazlal (D:7)
  Pikel (D:5)
  A manticore (Lair:3)
  4 oklob plants (Lair:3)
  5 spiny frogs
  A rime drake (Lair:1)
  3 komodo dragons
  2 polar bears (Lair:3)
  8 blink frogs (Lair:1)
  A hornet (D:8)
  3 hippogriffs
  25 yaks
  2 basilisks
  2 wyverns
  Edmund (D:6)
  4 nagas (Lair:4)
  2 hell hounds
  9 water moccasins
  8 porcupines
  2 sky beasts (D:8)
  An eye of draining (D:8)
  A black bear (D:8)
  An orc warrior (D:7)
  A phantom (D:8)
  6 ogres
  A centaur (D:5)
  6 wolves
  8 crocodiles
  2 big kobolds
  10 bullfrogs
  A scorpion (D:8)
  5 howler monkeys
  8 wights
  A bullfrog zombie (D:5)
  2 centaur zombies
  A centaur skeleton (D:5)
  5 crimson imps
  2 orc priests
  2 jellies
  3 hounds
  3 orc wizards
  A gnoll shaman (D:6)
  Natasha (thrice) (D:4)
  2 iguanas
  2 worker ants
  A hound zombie (D:7)
  2 hound skeletons
  A howler monkey zombie (D:6)
  8 gnolls
  8 adders
  5 shadow imps
  An ooze (D:3)
  An adder zombie (D:8)
  A worm (D:3)
  A dart slug (D:1)
  2 leopard geckos
  15 orcs
  A ball python (D:7)
  6 bats
  8 giant cockroaches
  7 goblins
  7 hobgoblins
  22 jackals
  2 quokkas
  6 frilled lizards
  12 kobolds
  9 rats
  A fungus (Lair:3)
296 creatures vanquished.

Vanquished Creatures (others)
  A slave (D:5)
  A centaur (D:5)
  4 fungi
  2 plants
8 creatures vanquished.

Grand Total: 304 creatures vanquished

Notes
Turn   | Place    | Note
-------+----------+-------------------------------------------
     0 | D:1      | kae the Formicid Fighter began the quest for the Orb.
     0 | D:1      | Reached XP level 1. HP: 18/18 MP: 1/1
    76 | D:1      | Reached XP level 2. HP: 10/24 MP: 2/2
   704 | D:1      | Reached XP level 3. HP: 27/29 MP: 3/3
  1199 | D:2      | Found a sacrificial altar of Ru.
  1204 | D:2      | Reached XP level 4. HP: 37/37 MP: 4/4
  1317 | D:2      | Found a glowing golden altar of the Shining One.
  1827 | D:2      | Reached skill level 3 in Maces & Flails
  1929 | D:3      | Found an opulent altar of Gozag.
  1964 | D:3      | Reached XP level 5. HP: 38/42 MP: 5/5
  2390 | D:3      | Reached XP level 6. HP: 48/48 MP: 6/6
  2541 | D:4      | Noticed Natasha
  2545 | D:4      | Noticed a wyvern
  2547 | D:4      | Reached skill level 4 in Maces & Flails
  2557 | D:4      | Killed a wyvern
  2557 | D:4      | Reached skill level 5 in Shields
  2557 | D:4      | Reached XP level 7. HP: 20/55 MP: 7/7
  2562 | D:4      | Killed Natasha
  2696 | D:4      | Noticed Natasha
  2700 | D:4      | Killed Natasha
  2709 | D:4      | Reached skill level 5 in Fighting
  2709 | D:4      | Reached skill level 5 in Armour
  2871 | D:4      | Noticed Natasha
  2877 | D:4      | Killed Natasha
  2877 | D:4      | Reached skill level 5 in Maces & Flails
  3205 | D:4      | Reached XP level 8. HP: 59/62 MP: 8/8
  3331 | D:4      | Found a sparkling altar of Nemelex Xobeh.
  3390 | D:5      | Entered Level 5 of the Dungeon
  3502 | D:5      | Found a staircase to the Ecumenical Temple.
  3509 | D:5      | Reached skill level 6 in Maces & Flails
  3519 | Temple   | Entered the Ecumenical Temple
  3528 | Temple   | Became a worshipper of Warmaster Okawaru
  3879 | D:5      | Noticed Pikel
  3894 | D:5      | Killed Pikel
  3894 | D:5      | Reached * piety under Okawaru
  3894 | D:5      | Reached ** piety under Okawaru
  3894 | D:5      | Reached skill level 7 in Maces & Flails
  3894 | D:5      | Reached XP level 9. HP: 56/71 MP: 9/9
  4071 | D:5      | Found a snail-covered altar of Cheibriados.
  4285 | D:6      | Noticed Edmund
  4311 | D:6      | Killed Edmund
  4524 | D:6      | Reached skill level 8 in Maces & Flails
  4749 | D:6      | Found Wiodugun's Gadget Shoppe.
  4979 | D:7      | Noticed dscm's ghost (novice HOFi)
  4997 | D:7      | Killed dscm's ghost
  4997 | D:7      | Reached *** piety under Okawaru
  4997 | D:7      | Reached XP level 10. HP: 24/79 MP: 10/10
  5184 | D:7      | Found a white marble altar of Elyvilon.
  5639 | D:8      | Found a staircase to the Lair.
  5659 | D:7      | Reached **** piety under Okawaru
  5659 | D:7      | Reached skill level 9 in Maces & Flails
  6359 | D:8      | Found Woihef's Magic Scroll Emporium.
  6417 | D:8      | Bought a scroll of identify for 26 gold pieces
  6417 | D:8      | Bought a scroll of enchant weapon for 97 gold pieces
  6417 | D:8      | Bought a scroll of enchant weapon for 97 gold pieces
  6833 | Lair:1   | Entered Level 1 of the Lair of Beasts
  6899 | Lair:1   | Reached ***** piety under Okawaru
  6899 | Lair:1   | Reached skill level 1 in Invocations
  6899 | Lair:1   | Reached XP level 11. HP: 77/87 MP: 9/11
  6906 | Lair:1   | Reached skill level 10 in Maces & Flails
  7184 | Lair:1   | Received a gift from Okawaru
  7586 | Lair:2   | Reached skill level 10 in Shields
  7704 | Lair:2   | Reached skill level 11 in Maces & Flails
  8281 | Lair:3   | Found a shadowy altar of Dithmenos.
  8304 | Lair:3   | Noticed a four-headed hydra
  8314 | Lair:3   | Killed a four-headed hydra
  8353 | Lair:3   | Reached XP level 12. HP: 92/95 MP: 15/15
  8575 | Lair:3   | Noticed a seven-headed hydra
  8591 | Lair:3   | Killed a seven-headed hydra
  8591 | Lair:3   | Reached skill level 5 in Invocations
  9061 | Lair:3   | Noticed a four-headed hydra
  9074 | Lair:3   | Killed a four-headed hydra
  9136 | Lair:3   | Reached skill level 12 in Maces & Flails
  9548 | Lair:3   | Reached ****** piety under Okawaru
  9715 | Lair:4   | Noticed a five-headed hydra
  9727 | Lair:4   | Killed a five-headed hydra
  9727 | Lair:4   | Received a gift from Okawaru
  9727 | Lair:4   | Reached skill level 10 in Armour
  9832 | Lair:4   | Reached skill level 10 in Fighting
  9999 | Lair:4   | Found a staircase to the Snake Pit.
 10083 | Lair:4   | Found a staircase to the Swamp.
 10147 | Lair:4   | Reached XP level 13. HP: 91/103 MP: 17/17
 10362 | Lair:4   | Noticed an eight-headed hydra
 10370 | Lair:4   | Killed an eight-headed hydra
 10731 | Lair:4   | Reached skill level 13 in Maces & Flails
 10844 | Lair:5   | Noticed an eight-headed hydra
 10851 | Lair:5   | HP: 5/104 [eight-headed hydra (10)]
 10852 | Lair:5   | Killed an eight-headed hydra
 11057 | Lair:5   | Slain by a crocodile

Skill      XL: |  1  2  3  4  5  6  7  8  9 10 11 12 13 |
---------------+----------------------------------------+-----
Shields        | 4 5 7 8 9 10 11 | 11.7
Armour         | 4 5 6 7 8 9 10 | 10.4
Maces & Flails | 3 4 5 7 8 9 11 12 13 | 13.1
Fighting       | 4 5 6 7 8 9 10 | 10.5
Invocations    | 1 4 6 7 |  7.3

Action                   |  1- 3 |  4- 6 |  7- 9 | 10-12 | 13-15 || total
-------------------------+-------+-------+-------+-------+-------++-------
Melee: Flail             |   123 |   183 |   230 |   752 |   108 ||  1396
Invok: Heroism           |       |       |       |     8 |     1 ||     9
 Abil: Dig               |     1 |       |     1 |     5 |     1 ||     8
Evoke: Wand              |       |       |     3 |     9 |       ||    12
  Use: Scroll            |     2 |     8 |     3 |    15 |     1 ||    29
       Potion            |       |       |     4 |     1 |     1 ||     6
 Stab: Invisible         |       |       |       |     3 |       ||     3
  Eat: Chunk             |     1 |     5 |     7 |    20 |     2 ||    35
Armor: Scale mail        |    60 |    88 |    61 |   287 |    45 ||   541
Dodge: Dodged            |    39 |    83 |    60 |   239 |    39 ||   460
Block: Shield            |    86 |   128 |   113 |   386 |    72 ||   785
